 Dungeon Crawl Stone Soup version 0.25.1-2-g60ff931df9 (webtiles) character file.

Game seed: 4453978651980553860

49 Martska the Skirmisher (level 3, -1/29 HPs)
             Began as a Demonspawn Fighter on Aug 15, 2020.
             Slain by a worm (5 damage)
             ... on level 2 of the Dungeon.
             The game lasted 00:02:30 (1595 turns).

Martska the Skirmisher (Demonspawn Fighter)         Turns: 1595, Time: 00:02:30

Health: -1/29      AC:  6    Str: 17    XL:     3   Next: 53%
Magic:  12/12      EV:  7    Int:  9    God:
Gold:   78         SH:  8    Dex: 12    Spells: 2/2 levels left

rFire    . . .     SeeInvis .   m - +0 club
rCold    . . .     Gourm    .   b - +0 kite shield
rNeg     . . .     Faith    .   a - +0 scale mail
rPois    .         Spirit   .   (no helmet)
rElec    .         Reflect  .   (no cloak)
rCorr    .         Harm     .   (no gloves)
MR       .....     Rnd*Tele +   (no boots)
Stlth    ..........             (no amulet)
HPRegen  0.09/turn              h - ring of magical power
MPRegen  0.13/turn              j - ring of teleportation (curse)

@: mighty
A: demonic guardian 1
a: no special abilities


You were on level 2 of the Dungeon.
You were hungry.

You visited 1 branch of the dungeon, and saw 2 of its levels.

You collected 78 gold pieces.

Inventory:

Hand Weapons
 m - a +0 club (weapon)
Armour
 a - a +0 scale mail (worn)
 b - a +0 kite shield (worn)
Jewellery
 h - a ring of magical power (left hand)
 j - a cursed ring of teleportation (right hand)
Scrolls
 f - a scroll of amnesia {unknown}
 i - a scroll of identify
Potions
 e - 3 potions of stabbing
 g - 2 potions of flight {unknown}
 k - a potion of berserk rage {unknown}
 l - a potion of curing {unknown}
 n - 2 potions of heal wounds {unknown}
Comestibles
 d - 6 rations
 o - a chunk of flesh


   Skills:
 * Level 3.4 Fighting
 * Level 3.2 Armour
 + Level 0.6 Dodging
 + Level 2.9 Shields
 * Level 2.3 Unarmed Combat


You had 2 spell levels left.
You didn't know any spells.
Your spell library was empty.

Dungeon Overview and Level Annotations

Branches:
Dungeon (2/15)

Altars:


Innate Abilities, Weirdness & Mutations

A weak demonic guardian rushes to your aid.


Message History

You are too injured to fight recklessly!
You are too injured to fight recklessly!
You hit the worm but do no damage.
The worm is severely wounded.
The worm bites you.
You hit the worm but do no damage.
The worm is heavily wounded.
You block the worm's attack.
Your shield prevents you from hitting the worm.
The worm is heavily wounded.
The worm bites you!
* * * LOW HITPOINT WARNING * * *
You feel very mighty all of a sudden.
You barely miss the worm.
The worm is heavily wounded.
The worm bites you but does no damage.
Your shield prevents you from hitting the worm.
The worm is heavily wounded.
The worm bites you.
You die...

.....#
#..#####...#..#
...#.#
##...####..##.#
...#...
###..###..# ..
...####.#
##.......# ###
#.## ..#
#.....##.# #.#
...#
#.###.....#### #.#
#...## #.#
#####....## #.
#...###.# ##...#
#..w@..$# ##.#..
.....####..#
#.)... .## ##>#
###.#...
#....###...####
##########.....###
# .......
#..##....####
....... .
####....#
.......### ####.#
......)..## #..


You could see a worm.

Vanquished Creatures
  An adder (D:2)
  3 dart slugs
  A leopard gecko (D:2)
  5 bats
  A giant cockroach (D:2)
  6 goblins
  3 hobgoblins
  3 kobolds
  5 frilled lizards
  5 rats
33 creatures vanquished.

Notes
Turn   | Place    | Note
-------+----------+-------------------------------------------
     0 | D:1      | Martska the Demonspawn Fighter began the quest for the Orb.
     0 | D:1      | Reached XP level 1. HP: 18/18 MP: 1/1
   395 | D:1      | Gained mutation: A weak demonic guardian rushes to your
                  | aid. [demonic ancestry]
   395 | D:1      | Reached XP level 2. HP: 14/24 MP: 2/2
  1058 | D:2      | Reached XP level 3. HP: 29/29 MP: 3/3
  1595 | D:2      | Slain by a worm

Illustrated notes

Levels and vault maps discovered:
D:1:      wander_arrival_peaceful_grave, layout_loops_ring
D:2:      layout_rooms, first_ration, uniq_sigmund

Skill      XL: |  1  2 |
---------------+-------+-----
Unarmed Combat | 2 |  2.3
Armour         | 3 |  3.2
Fighting       | |  3.4
Dodging        | |  0.6
Shields        | |  2.9

Action                   || total
-------------------------++-------
Melee: Unarmed           ||    65
       Club              ||   110
  Use: Scroll            ||     3
       Potion            ||     1
  Eat: Chunk             ||     2
Armor: Scale mail        ||    80
Dodge: Dodged            ||    40
Block: Kite shield       ||    76
